 Dungeon Crawl Stone Soup version 0.30-a0-778-g2ef04afb54 (webtiles) character file.

Game seed: 13976257211124430563

11 cheesebisquit the Chopper (level 2, -6/27 HPs)
             Began as a Hill Orc Monk on Feb 16, 2023.
             Mangled by Sigmund
             ... wielding a +0 scythe
              (8 damage)
             ... on level 2 of the Dungeon.
             The game lasted 00:02:04 (807 turns).

cheesebisquit the Chopper (Hill Orc Monk)            Turns: 807, Time: 00:02:05

Health: -6/27      AC: 10    Str: 13    XL:     2   Next: 25%
Magic:  2/2        EV:  3    Int: 10    God:
Gold:   55         SH:  0    Dex: 13    Spells: 1/1 levels left

rFire   . . .      SeeInvis .    a - +0 hand axe
rCold   . . .      Faith    .    (no shield)
rNeg    . . .      Spirit   .    h - +0 plate armour
rPois   .          Reflect  .    (no helmet)
rElec   .          Harm     .    (no cloak)
rCorr   .          Rampage  .    (no gloves)
Will    .....                    (no boots) Stlth
                                 (no amulet)
HPRegen 0.24/turn                (no ring)
MPRegen 0.08/turn                (no ring)

@: confused
A: no striking features
a: no special abilities


You were on level 2 of the Dungeon.
You visited 1 branch of the dungeon, and saw 2 of its levels.

You collected 55 gold pieces.

Inventory:

Hand Weapons
 a - a +0 hand axe (weapon)
Armour
 h - a +0 plate armour (worn)
Scrolls
 b - a scroll of identify {unknown}
 f - a scroll of silence {unknown}
 j - 3 scrolls of fear {unknown}
 k - a scroll of teleportation {unknown}
Potions
 d - a potion of curing {unknown}
 e - a potion of haste {unknown}
 g - a potion of brilliance {unknown}
 i - a potion of heal wounds {unknown}


   Skills:
 + Level 3.8 Fighting
 * Level 4.5 Axes
 + Level 0.8 Armour
 - Level 2.4 Dodging
 - Level 1.5 Stealth


You had one spell level left.
You didn't know any spells.
Your spell library contained the following spells:

 Spells                   Type           Power      Damage    Failure   Level
 Call Canine Familiar     Summ           0%         N/A       100%        3
 Dazzling Flash           Conj/Hex       0%         N/A       100%        3
 Portal Projectile        Hex/Tloc       0%         N/A       100%        3
 Iskenderun's Mystic Bla  Conj/Tloc      0%         2d3       100%        4
 Leda's Liquefaction      Hex/Erth       0%         N/A       100%        4
 Starburst                Conj/Fire      0%         6d3       100%        6


Dungeon Overview and Level Annotations

Branches:
Dungeon (2/15)

Altars:

Annotations:
D:2 Sigmund


Message History

The hobgoblin hits you but does no damage.
You closely miss the hobgoblin.
The hobgoblin is almost dead.
The hobgoblin hits you but does no damage.
You barely miss the hobgoblin.
The hobgoblin is almost dead.
The hobgoblin barely misses you.
You barely miss the hobgoblin.
The hobgoblin is almost dead.
The hobgoblin hits you but does no damage.
Something hits you but does no damage.
You hit the hobgoblin.
You kill the hobgoblin!
Something hits you.
You see here a +0 hand axe.
You are confused.
You are more confused.
You feel invigorated.
You hear some strange, mumbled words.
Something tries to affect you, but you resist.
A magic dart appears from out of thin air!
The magic dart hits you.
You hear some strange, mumbled words.
You are more confused.
You feel less invigorated. Something hits you!
Something hits you but does no damage.
You hit something. You closely miss something.
Sigmund appears from thin air!
Reactivating autopickup.
Sigmund hits you but does no damage. Sigmund hits you with a +0 scythe!
You miss Sigmund.
Sigmund is lightly wounded.
Sigmund hits you with a +0 scythe.
You bump into the rock wall.
You bump into the rock wall.
Sigmund hits you with a +0 scythe!
* * * LOW HITPOINT WARNING * * *
Sigmund hits you from afar with a +0 scythe!
You die...

#... ...... #.... .....
#.... #... #....####..
#.......#.# ###.......#.#
............############
#.......##.............
#.......##.)@.@.......
#.......##............
#.......##.......##.####
#.......##.......#.....#
#.......##.......#.....###
#.......#######..........#
#.......# #..........#
#.......# #.....#....
#.......# #.....# ...


You could see Sigmund.

Vanquished Creatures
  A bat (D:1)
  4 endoplasms
  2 hobgoblins
  2 kobolds (D:1)
9 creatures vanquished.

Notes
Turn   | Place    | Note
-------+----------+-------------------------------------------
     0 | D:1      | cheesebisquit the Hill Orc Monk began the quest for the
                  | Orb.
     0 | D:1      | Reached XP level 1. HP: 19/19 MP: 1/1
   466 | D:1      | Reached XP level 2. HP: 24/27 MP: 2/2
   775 | D:2      | Noticed Sigmund
   806 | D:2      | HP: 1/27 [Sigmund/+0 scythe (8)]
   807 | D:2      | Mangled by Sigmund

Illustrated notes

Levels and vault maps discovered:
D:1:      minmay_arrival_up_and_down, layout_loops_ring
D:2:      layout_basic, serial_shops, shop, uniq_sigmund, uniq_jessica,
          uniq_robin

Action                     || total
---------------------------++-------
  Melee: Hand axe          ||    42
    Use: Potion            ||     1
 Armour: Robe              ||     7
         Plate armour      ||    15
  Dodge: Dodged            ||    13

Table legend: (Time is in decaauts)
 A = Elapsed time spent in this place.
 B = Non-inter-level travel time spent in this place.
 C = Inter-level travel time spent in this place.
 D = Time resting spent in this place.
 E = Time spent auto-exploring this place.
 F = Levels seen in this place.
 G = Mean time per level.
                   A        B        C        D        E       F      G
               +--------+--------+--------+--------+--------+-----+--------+
         Total |    810 |    789 |     21 |      0 |    641 |   2 |  405.0 |
       Dungeon |    810 |    789 |     21 |      0 |    641 |   2 |  405.0 |
               +--------+--------+--------+--------+--------+-----+--------+

Top non-repeatable levels by time:
     D:1: 756 daAuts
     D:2: 53 daAuts
